 Dungeon Crawl Stone Soup version 0.30.0-17-ge0270778cf (webtiles) character file.

Game seed: 5190140664616702353

185 Josd the Chopper (level 5, -36/48 HPs)
             Began as an Armataur Monk on May 22, 2023.
             Killed by an exploding scorpion (41 damage)
             ... ignited by their inner flame
             ... on level 4 of the Dungeon.
             The game lasted 00:11:40 (1591 turns).

Josd the Chopper (Armataur Monk)                    Turns: 1591, Time: 00:11:41

Health: -36/48     AC:  6    Str: 19    XL:     5   Next: 37%
Magic:  5/5        EV: 10    Int: 16    God:
Gold:   90         SH:  0    Dex: 12    Spells: 4/4 levels left

rFire   . . .        a - +0 hand axe
rCold   . . .        d - orb {light}
rNeg    . . .        b - +0 robe
rPois   .            n - +0 helmet
rElec   .            (no cloak)
rCorr   .            l - +0 pair of gloves
SInv    .            (no barding)
Will    .....        (no amulet)
Stlth   +            k - +6 ring of intelligence
HPRegen 0.28/turn    (no ring)
MPRegen 0.09/turn

%: roll
@: glowing
A: large, rugged brown scales 3, deformed body, armoured tail, roll, long
tongue, awkward tongue
a: no special abilities


You were on level 4 of the Dungeon.
You visited 1 branch of the dungeon, and saw 3 of its levels.

You collected 90 gold pieces.

Inventory:

Hand Weapons
 a - a +0 hand axe (weapon)
Missiles
 e - 16 stones (quivered)
Armour
 b - a +0 robe (worn)
 d - an orb of light (worn)
 l - a +0 pair of gloves (worn)
 n - a +0 helmet (worn)
Magical Staves
 j - a staff of conjuration
Jewellery
 k - a +6 ring of intelligence (left hand)
Scrolls
 g - a scroll of amnesia {unknown}
 h - 2 scrolls of immolation
 m - 2 scrolls of identify {unknown}
Potions
 c - a potion of ambrosia
 f - 2 potions of berserk rage {unknown}
 i - a potion of brilliance {unknown}


   Skills:
 + Level 3.6 Fighting
 + Level 4.1 Axes
 + Level 2.8 Dodging
 + Level 0.1 Stealth


You had 4 spell levels left.
You didn't know any spells.
Your spell library was empty.

Dungeon Overview and Level Annotations

Branches:
Dungeon (4/15)
 Temple: D:4-7

Altars:

Shops:
D:1 :


Innate Abilities, Weirdness & Mutations

You are completely covered in rugged brown scales. (AC +3, +7% HP)
Armour fits poorly on your strangely shaped body.
You have a long armoured tail.
You roll when moving toward enemies. (Rampage)
Your long tongue fully drains potion bottles. (2x potion effects)
Your tongue gives you trouble enunciating. (1.5x scroll delay)


Message History

You are too injured to fight recklessly!
You barely miss the scorpion.
The scorpion is heavily wounded.
You feel very sick. The scorpion closely misses you. The scorpion stings you.
You feel sick.
You see here a +0 hand axe.
You feel sick.
You feel sick.
As you slowly read the scroll labelled NITEKLIAWI, it crumbles to dust.
The creatures around you are filled with an inner flame!
It was a scroll of immolation.
You feel sick.
The scorpion stings you but does no damage.
The scorpion barely misses you.
You feel sick. The scorpion stings you.
* * * LOW HITPOINT WARNING * * *
The scorpion attacks as you move away! The scorpion misses you.
You feel sick.
You barely miss the scorpion.
The scorpion is moderately wounded.
You feel sick.
The scorpion stings you but does no damage. x2
You barely miss the scorpion.
The scorpion is moderately wounded.
You feel sick.
You are no longer poisoned.
The scorpion stings you.
* * * LOW HITPOINT WARNING * * *
You hit the scorpion but do no damage.
The scorpion is moderately wounded.
The scorpion closely misses you.
You hit the scorpion.
Flame seeps out of the scorpion.
The scorpion is heavily wounded.
The scorpion is engulfed in blazing flames.
Flame seeps out of the scorpion.
The scorpion stings you.
* * * LOW HITPOINT WARNING * * *
The scorpion is engulfed in blazing flames.
The scorpion explodes!
The fiery explosion engulfs you!!!
Ouch! That really hurt!
You die...

#...# .# #...# ###
+...# ..####+...#
......)...#
..........#
..........########
##..............§###
#+###########..@○§#
##.§.§# #.##)#
#.##.# ..##....#
#####...## .>....
...#### ....#


There were no monsters in sight!

Vanquished Creatures
  A black bear (D:4)
  A scorpion (D:4)
  An iguana (D:4)
  A gnoll (D:1)
  2 adders
  2 dart slugs (D:1)
  An orc (D:4)
  4 ball pythons
  2 endoplasms
  3 hobgoblins (D:1)
  2 jackals (D:2)
  2 quokkas
  3 bats
  7 frilled lizards
  4 goblins
  9 kobolds
  2 rats (D:1)
47 creatures vanquished.

Notes
Turn   | Place    | Note
-------+----------+-------------------------------------------
     0 | D:1      | Josd the Armataur Monk began the quest for the Orb.
     0 | D:1      | Reached XP level 1. HP: 19/19 MP: 1/1
   149 | D:1      | Reached XP level 2. HP: 16/26 MP: 2/2
   449 | D:1      | Reached XP level 3. HP: 33/33 MP: 3/3
   687 | D:1      | Found Vol Zuan's Book Shop.
   995 | D:2      | Reached skill level 3 in Axes
  1232 | D:2      | You fall into a shaft and drop 2 floors!
  1249 | D:4      | Reached XP level 4. HP: 16/40 MP: 4/4
  1451 | D:4      | Noticed a black bear
  1466 | D:4      | Killed a black bear
  1467 | D:4      | Reached skill level 4 in Axes
  1467 | D:4      | Reached XP level 5. HP: 26/48 MP: 5/5
  1591 | D:4      | Killed by an exploding scorpion... ignited by their inner
                  | flame

Illustrated notes

Levels and vault maps discovered:
D:1:      dpeg_arrival_morbid_curiosity, layout_loops_ring, serial_shops,
          nicolae_shop_waterfront, st_stairs_13, nicolae_grassy_gnolls
D:2:      layout_rooms, minmay_misc_feat_plants
D:4:      layout_basic, gammafunk_temple_overflow_wave,
          nicolae_overflow_squiral, st_stairs_12

Skill      XL: |  1  2  3  4 |
---------------+-------------+-----
Fighting       | 3 |  3.6
Axes           | 3 4 |  4.1
Dodging        | |  2.8
Stealth        | |  0.1

Action                     |  1- 3 |  4- 6 || total
---------------------------+-------+-------++-------
  Melee: Hand axe          |    92 |    34 ||   126
         Tailslap          |    13 |     5 ||    18
  Throw: Stone             |       |     2 ||     2
    Use: Scroll            |       |     1 ||     1
 Armour: Robe              |    29 |    19 ||    48
  Dodge: Dodged            |    46 |    23 ||    69
